 Dungeon Crawl Stone Soup version 0.28-a0-845-gfc338a8e3c (webtiles) character file.

Game seed: 11586512196402004117

117 elagabalus the Poker (level 4, -10/40 HPs)
             Began as a Minotaur Fighter on Nov 12, 2021.
             Mangled by Sigmund (15 damage)
             ... on level 2 of the Dungeon.
             The game lasted 00:14:00 (1390 turns).

elagabalus the Poker (Minotaur Fighter)             Turns: 1390, Time: 00:14:02

Health: -10/40     AC:  9    Str: 21    XL:     4   Next: 71%
Magic:  3/3        EV:  7    Int:  5    God:
Gold:   58         SH:  4    Dex: 10    Spells: 3/3 levels left

rFire   . . .      SeeInvis .   a - +0 trident
rCold   . . .      Faith    .   c - +0 buckler
rNeg    . . .      Spirit   .   g - +0 chain mail
rPois   .          Reflect  .   (helmet restricted)
rElec   .          Harm     .   (no cloak)
rCorr   .          Rampage  .   (no gloves)
Will    .....                   (no boots)
Stlth   ..........              (no amulet)
HPRegen 0.13/turn               (no ring)
MPRegen 0.08/turn               (no ring)

@: no status effects
A: horns 2, retaliatory headbutt
a: no special abilities


You were on level 2 of the Dungeon.
You visited 1 branch of the dungeon, and saw 2 of its levels.

You collected 58 gold pieces.

Inventory:

Hand Weapons
 a - a +0 trident (weapon)
Missiles
 e - 3 boomerangs of dispersal (quivered)
Armour
 c - a +0 buckler (worn)
 g - a +0 chain mail (worn)
Jewellery
 j - a ring of wizardry
Scrolls
 f - a scroll of acquirement {unknown}
Potions
 b - a potion of heal wounds {unknown}
 d - 2 potions of might
 h - a potion of haste {unknown}
 i - a potion of ambrosia {unknown}


   Skills:
 - Level 4.0 Fighting
 * Level 5.3 Polearms
 - Level 4.0 Armour
 - Level 4.0 Shields


You had 3 spell levels left.
You didn't know any spells.
Your spell library contained the following spells:

 Spells                   Type           Power      Damage    Failure   Level
 Summon Guardian Golem    Hex/Summ       0%         N/A       100%        3
 Orb of Destruction       Conj           0%         N/A       100%        7
 Spellforged Servitor     Conj/Summ      0%         N/A       100%        7


Dungeon Overview and Level Annotations

Branches:
Dungeon (2/15)

Altars:

Annotations:
D:2 Sigmund


Innate Abilities, Weirdness & Mutations

You have a pair of horns on your head.
You reflexively headbutt those who attack you in melee.


Message History

You reach to attack!
You barely miss Sigmund.
Sigmund is almost dead.
Sigmund casts a spell at you.
You are confused.
You're too confused to aim your attacks!
You bump into the rock wall.
Sigmund barely misses you.
Sigmund whispers, "You'll know eternity soon."
Sigmund casts a spell at you.
You are more confused.
You're too confused to move!
Sigmund points at you and mumbles some strange words.
You resist with some effort.
You bump into the rock wall.
You bump into the rock wall.
Sigmund barely misses you.
Sigmund points at you and mumbles some strange words.
You are more confused.
Sigmund casts a spell at you.
The puff of flame hits you but does no damage.
Sigmund drinks a potion.
Sigmund seems to grow stronger.
Sigmund hits you but does no damage. Sigmund casts a spell at you.
The puff of flame misses you.
You closely miss Sigmund. Your headbutt misses Sigmund.
Sigmund is almost dead.
Sigmund barely misses you.
You miss Sigmund.
Sigmund is almost dead.
You bump into the rock wall.
Sigmund is suddenly surrounded by pale blue light.
Sigmund hits you with a +0 scythe!
You bump into the rock wall.
Sigmund hits you with a +0 scythe!
* * * LOW HITPOINT WARNING * * *
You feel less confused.
Reach: a) +0 trident
Press: ? - help, Dir - move target, f/p - Sigmund
Aim: Sigmund, wielding a +0 scythe and wearing a +0 robe (almost dead, strong, about 47% to evade your +0 trident)
You reach to attack!
You closely miss Sigmund.
Sigmund is almost dead.
Sigmund hits you from afar with a +0 scythe!
You die...

.....##.#.#####...###
...♣###.#...........###**********
''####.................,,,,,,,,,,
.....#..#..............#*,,,,,*,*
#.........#####...####.#*,*,*,*,*
#####.##### #...# *,#*,*,*,*,* #
#.# #...# *,,,,,,,,,,* # #.#
####...# ********,*** #####.#
##....@.### *,*,* ......#
#.........#********,,,, #######
#.###@###...#*,,,,,,*,* #
#,#.....#...#*,***,**,, #
*****,#.....#,....,* *,,*** #
***,,,,.........*.##,***,*,*,
*,,,,,#.#...>.#.#,**,,,,,**,*
*,,,,...#.....#.#,**,,,,,,,**
*,,,...,###.###,.,**,*,***,*


You could see Sigmund (strong).

Vanquished Creatures
  Terence (D:2)
  Robin (D:2)
  An adder (D:2)
  5 orcs (D:2)
  5 ball pythons
  8 bats
  8 endoplasms
  2 giant cockroaches
  10 goblins
  4 hobgoblins (D:2)
  2 quokkas (D:1)
  4 frilled lizards
  5 kobolds
  3 rats
59 creatures vanquished.

Notes
Turn   | Place    | Note
-------+----------+-------------------------------------------
     0 | D:1      | elagabalus the Minotaur Fighter began the quest for the
                  | Orb.
     0 | D:1      | Reached XP level 1. HP: 19/19 MP: 0/0
     4 | D:1      | Noticed an electric eel
     5 | D:1      | Noticed an electric eel
   131 | D:1      | Reached XP level 2. HP: 27/27 MP: 1/1
   406 | D:1      | Reached skill level 3 in Polearms
   707 | D:1      | Reached XP level 3. HP: 25/31 MP: 2/2
   853 | D:2      | Noticed Terence
   864 | D:2      | Killed Terence
   865 | D:2      | Reached skill level 4 in Polearms
   887 | D:2      | Noticed Robin
  1030 | D:2      | Killed Robin
  1031 | D:2      | Reached XP level 4. HP: 31/40 MP: 3/3
  1166 | D:2      | Reached skill level 5 in Polearms
  1365 | D:2      | Noticed Sigmund
  1390 | D:2      | Mangled by Sigmund

Illustrated notes

Levels and vault maps discovered:
D:1:      arrival_aquarium_b, layout_basic
D:2:      layout_loops_cross, kennysheep_donut, st_stairs_3, uniq_terence,
          uniq_sigmund, uniq_robin, uniq_crazy_yiuf_cottage

Skill      XL: |  1  2  3  4 |
---------------+-------------+-----
Armour         | 4 |  4.0
Fighting       | 4 |  4.0
Shields        | 4 |  4.0
Polearms       | 3 4 5 |  5.3

Action                   |  1- 3 |  4- 6 || total
-------------------------+-------+-------++-------
Melee: Trident           |    86 |    70 ||   156
       Headbutt          |     4 |     6 ||    10
  Use: Scroll            |     2 |     1 ||     3
Armor: Chain mail        |    17 |    28 ||    45
       Scale mail        |    11 |       ||    11
Dodge: Dodged            |    30 |    30 ||    60
Block: Buckler           |    15 |     6 ||    21

Table legend: (Time is in decaauts)
 A = Elapsed time spent in this place.
 B = Non-inter-level travel time spent in this place.
 C = Inter-level travel time spent in this place.
 D = Time resting spent in this place.
 E = Time spent auto-exploring this place.
 F = Levels seen in this place.
 G = Mean time per level.
                   A        B        C        D        E       F      G
               +--------+--------+--------+--------+--------+-----+--------+
         Total |   1407 |    559 |    848 |      0 |      0 |   2 |  703.5 |
       Dungeon |   1407 |    559 |    848 |      0 |      0 |   2 |  703.5 |
               +--------+--------+--------+--------+--------+-----+--------+

Top non-repeatable levels by time:
     D:1: 988 daAuts
     D:2: 419 daAuts
